 Dungeon Crawl Stone Soup version 0.31.0-1-g2c135a0 (webtiles) character file.

Game seed: 4575349766381843205

18466 brinewave the Cleaver (level 12, -1/116 HPs)
             Began as a Minotaur Fighter on Jan 27, 2024.
             Was a High Priest of Vehumet.
             Slain by a two-headed ogre
             ... wielding a +0 giant spiked club
              (10 damage)
             ... on level 1 of the Orcish Mines.
             The game lasted 00:40:12 (12022 turns).

brinewave the Cleaver (Minotaur Fighter)           Turns: 12022, Time: 00:40:12

Health: -1/116     AC: 15    Str: 25    XL:     12   Next: 28%
Magic:  19/19      EV: 15    Int:  5    God:    Vehumet [*****.]
Gold:   1230       SH:  9    Dex: 11    Spells: 11/11 levels left

rFire   + . .        F - +4 war axe (freeze)
rCold   + . .        v - +3 buckler {rC+ rF+}
rNeg    + . .        E - +2 scale mail {Will+}
rPois   .            (helmet restricted)
rElec   .            (no cloak)
rCorr   .            p - +0 pair of gloves
SInv    .            d - +2 pair of boots
Will    +....        C - amulet of the acrobat Stlth
                     f - +5 ring of evasion
HPRegen 0.39/turn    y - ring of positive energy
MPRegen 0.16/turn

%: acrobat
@: hasted, very quick
A: horns 2, retaliatory headbutt, talons 1, robust 1
a: Renounce Religion


You were on level 1 of the Orcish Mines.
You worshipped Vehumet.
Vehumet was extremely pleased with you.
You visited 2 branches of the dungeon, and saw 13 of its levels.
You also visited: Bailey.

You collected 1230 gold pieces.

Inventory:

Hand Weapons
 k - a +4 trident of draining
 r - a +1 vampiric hand axe
 D - a +4 hand axe
 F - a +4 war axe of freezing (weapon)
Missiles
 q - 35 poisoned darts (quivered)
 x - 11 boomerangs
Armour
 d - a +2 pair of boots (worn)
 p - a +0 pair of gloves (worn)
 v - a +3 buckler of resistance (worn)
 B - a +0 plate armour
 E - a +2 scale mail of willpower (worn)
Jewellery
 f - a +5 ring of evasion (left hand)
 y - a ring of positive energy (right hand)
 C - an amulet of the acrobat (around neck)
Wands
 a - a wand of acid (11)
 b - a wand of iceblast (10)
Scrolls
 h - a scroll of revelation {unknown}
 j - a scroll of poison
 o - a scroll of amnesia {unknown}
 s - a scroll of fear {unknown}
 t - a scroll of teleportation
 u - a scroll of noise {unknown}
 A - a scroll of brand weapon {unknown}
Potions
 c - a potion of mutation
 g - a potion of lignification
 i - 3 potions of curing
 l - 2 potions of enlightenment
 m - a potion of haste
 n - a potion of berserk rage {unknown}
 w - 3 potions of ambrosia
 z - a potion of magic {unknown}


   Skills:
 + Level 10.2 Fighting
 + Level 13.0 Axes
 + Level 10.3 Armour
 + Level 10.0 Shields
 * Level 10.9 Invocations


You had 11 spell levels left.
You didn't know any spells.
Your spell library contained the following spells:

 Spells                   Type           Power      Damage    Failure   Level
 Ozocubu's Refrigeration  Ice            0%         4d7       100%        7
 Sandblast                Erth           0%         2d4       30%         1
 Dazzling Flash           Conj/Hex       0%         N/A       63%         3
 Mephitic Cloud           Conj/Alch/Air  0%         N/A       63%         3
 Stone Arrow              Conj/Erth      0%         3d7       63%         3
 Cigotuvi's Dreadful Rot  Necr/Alch/Air  0%         N/A       88%         2
 Ensorcelled Hibernation  Hex/Ice        0%         N/A       88%         2
 Brom's Barrelling Bould  Conj/Erth      0%         2d3       94%         4
 Ignite Poison            Fire/Alch      0%         N/A       94%         4
 Passwall                 Erth           0%         N/A       98%         3
 Swiftness                Air            0%         N/A       98%         3
 Freezing Cloud           Conj/Ice/Air   0%         6-21      99%         5
 Curse of Agony           Necr           0%         N/A       100%        5
 Silence                  Hex/Air        0%         N/A       100%        5


Dungeon Overview and Level Annotations

Branches:
Dungeon (11/15)            Temple (0/1) D:5             Orc (2/2) D:10
 Bailey (visited)
   Lair: D:8-11         Elf: Orc:2

Altars:
Dithmenos
Elyvilon
Fedhas
Gozag
Kikubaaqudgha
Makhleb
Okawaru
Qazlal
Sif Muna
Uskayaw
Vehumet
Zin

Shops:
D:7 *   D:8 ?

Annotations:
D:6 2 runed translucent doors, KillerQueen's ghost, novice TrFi
Orc:2 Saint Roka


Innate Abilities, Weirdness & Mutations

You have a pair of horns on your head.
You reflexively headbutt those who attack you in melee.
You have sharp toenails.
You are robust. (+10% HP)


Message History

The orc knight is almost dead.
You hit the soul eater. You freeze the soul eater.
You barely miss the orc sorcerer. The orc sorcerer closely misses you.
The orc knight completely misses you.
You closely miss the orc knight.
The orc knight is almost dead.
You closely miss the soul eater.
You hit the orc sorcerer but do no damage.
The soul eater draws from the surrounding life force!
The soul eater is healed.
The orc sorcerer hits you but does no damage.
The orc knight hits you with a +3 great sword!
You barely miss the orc knight.
The orc knight is almost dead.
You hit the soul eater but do no damage.
You barely miss the orc sorcerer.
The soul eater draws from the surrounding life force!
The orc sorcerer hits you with a +0 dagger!
* * * LOW HITPOINT WARNING * * *
You block the orc knight's attack.
You slash the orc knight! You freeze the orc knight.
You headbutt the orc knight.
You kill the orc knight!
Vehumet accepts your kill.
You closely miss the soul eater. You hit the orc sorcerer.
You freeze the orc sorcerer. The soul eater hits you!
* * * LOW HITPOINT WARNING * * *
You partially resist.
You feel drained.
* * * LOW HITPOINT WARNING * * *
Your life force feels restored.
Your Shields skill increases to level 10!
You feel yourself speed up.
The orc sorcerer gestures at you while chanting.
The bolt of fire hits you. You resist.
* * * LOW HITPOINT WARNING * * *
The soul eater draws from the surrounding life force!
* * * LOW HITPOINT WARNING * * *
You block the two-headed ogre's attack.
The two-headed ogre hits you with a +0 giant club!
You die...

#........#...#.....##
###..........#.......#
####....#.......##.#....##
##.#....#.#...........#...#
#..............#......)..##
##...........#..#).....)..##
##.........#.........#)...##
#.....................##...#
##.........o@....##........##
#.........)O#3....#.........#
##........)><......#....#...)
##.......[..[.............##
##....#.....[)....##.......##
#................####..#..##.
#................###......#..
##.....#..........###.##.#...
#......#.....#.....##.#####..


You could see a soul eater (summoned), a two-headed ogre and an orc sorcerer
(strong).

Vanquished Creatures
  A vault guard (D:7)
  4 two-headed ogres
  Pikel (D:7)
  An orc knight (Orc:1)
  A slime creature (D:5)
  5 kobold blastminers
  Maggie (D:7)
  An unseen horror (D:10)
  Jeremiah (D:8)
  2 trolls
  Grinder (D:6)
  A hornet (D:8)
  3 shadows
  3 wyverns
  6 yaks (D:8)
  4 wargs
  8 humans (Bailey)
  Menkaure (D:4)
  Duvessa (D:4)
  An acid dragon (D:9)
  2 water moccasins
  15 orc warriors
  3 ice beasts
  A sky beast (D:8)
  4 ogres
  7 centaurs
  4 lemures (D:7)
  4 kobold brigands
  Blork the orc (D:6)
  8 bullfrogs
  A gnoll sergeant (D:9)
  A scorpion (D:5)
  23 wights
  Dowan (D:4)
  13 killer bees
  2 bombardier beetles
  2 hounds
  5 jellies (D:5)
  8 orc priests
  3 sleepcaps
  A gnoll bouda (D:4)
  20 orc wizards
  Ijyb (D:4)
  8 iguanas
  11 gnolls
  2 adders
  A shadow imp (D:5)
  3 white imps
  2 ufetubi (D:6)
  2 dart slugs (D:5)
  47 orcs
  12 endoplasms
  A giant cockroach (D:1)
  11 goblins
  5 hobgoblins
  17 jackals
  2 quokkas
  5 ball pythons
  6 bats
  A frilled lizard (D:1)
  26 kobolds
  12 rats
351 creatures vanquished.

Vanquished Creatures (others)
  An orc warrior (Orc:1)
  An orc wizard (Orc:2)
2 creatures vanquished.

Grand Total: 353 creatures vanquished

Notes
Turn   | Place    | Note
-------+----------+-------------------------------------------
     0 | D:1      | brinewave the Minotaur Fighter began the quest for the Orb.
     0 | D:1      | Reached XP level 1. HP: 19/19 MP: 0/0
   138 | D:1      | Reached XP level 2. HP: 25/27 MP: 1/1
   166 | D:1      | Reached skill level 3 in Axes
   296 | D:1      | Reached XP level 3. HP: 33/33 MP: 2/2
   615 | D:2      | Found a faded altar of an unknown god.
   621 | D:2      | Reached skill level 1 in Invocations
   628 | D:2      | Prayed at the altar of an unknown god.
   628 | D:2      | Became a worshipper of Vehumet
   628 | D:2      | Reached * piety under Vehumet
   628 | D:2      | Offered knowledge of Foxfire by Vehumet.
  1276 | D:2      | Found an iron altar of Okawaru.
  1585 | D:3      | Reached XP level 4. HP: 40/40 MP: 3/3
  1813 | D:4      | Noticed Ijyb
  1818 | D:4      | Gained mutation: You have sharp toenails. [potion of
                  | mutation]
  1818 | D:4      | Gained mutation: You are robust. (+10% HP) [potion of
                  | mutation]
  1827 | D:4      | Killed Ijyb
  2004 | D:4      | Offered knowledge of Searing Ray by Vehumet.
  2149 | D:4      | Found an opulent altar of Gozag.
  2150 | D:4      | Noticed Dowan
  2153 | D:4      | Noticed Duvessa
  2155 | D:4      | Reached ** piety under Vehumet
  2330 | D:4      | Noticed Menkaure
  2342 | D:4      | Killed Menkaure
  2343 | D:4      | Reached skill level 4 in Axes
  2343 | D:4      | Reached XP level 5. HP: 15/51 MP: 5/5
  2478 | D:4      | Found a hide-covered altar of Uskayaw.
  2480 | D:4      | Found a glowing silver altar of Zin.
  2481 | D:4      | Found a white marble altar of Elyvilon.
  2481 | D:4      | Found a shimmering blue altar of Sif Muna.
  2509 | D:4      | Found a shadowy altar of Dithmenos.
  2509 | D:4      | Found an ancient bone altar of Kikubaaqudgha.
  2538 | D:4      | Killed Duvessa
  2539 | D:4      | Reached XP level 6. HP: 40/58 MP: 5/7
  2619 | D:4      | Killed Dowan
  2620 | D:4      | Reached skill level 5 in Axes
  2735 | D:5      | Entered Level 5 of the Dungeon
  2755 | D:5      | Reached skill level 5 in Armour
  2853 | D:5      | Reached skill level 5 in Fighting
  2853 | D:5      | Reached XP level 7. HP: 67/67 MP: 8/8
  2862 | D:5      | Reached skill level 5 in Shields
  2913 | D:5      | Reached skill level 6 in Axes
  2960 | D:5      | Found a staircase to the Ecumenical Temple.
  3013 | D:5      | Reached XP level 8. HP: 62/75 MP: 10/10
  3259 | D:5      | Found a radiant altar of Vehumet.
  3259 | D:5      | Found a glowing silver altar of Zin.
  3259 | D:5      | Found a blossoming altar of Fedhas.
  3259 | D:5      | Found an ancient bone altar of Kikubaaqudgha.
  3259 | D:5      | Found an iron altar of Okawaru.
  3259 | D:5      | Found a burning altar of Makhleb.
  3259 | D:5      | Noticed a slime creature
  3259 | D:5      | Noticed a slime creature
  3284 | D:5      | Killed a large slime creature
  3285 | D:5      | Reached skill level 7 in Axes
  3285 | D:5      | Reached skill level 5 in Invocations
  3287 | D:5      | Offered knowledge of Volatile Blastmotes by Vehumet.
  3687 | D:6      | Found a blossoming altar of Fedhas.
  3689 | D:6      | Found a stormy altar of Qazlal.
  3767 | D:6      | Reached *** piety under Vehumet
  3809 | D:6      | Reached XP level 9. HP: 85/85 MP: 12/12
  3859 | D:6      | Reached skill level 8 in Axes
  4126 | D:6      | Noticed Grinder
  4129 | D:6      | Paralysed by Grinder for 4 turns
  4145 | D:6      | Killed Grinder
  4276 | D:6      | Found a runed translucent door.
  4276 | D:6      | Noticed KillerQueen's ghost (novice TrFi)
  4601 | D:6      | Noticed Blork the orc
  4610 | D:6      | Killed Blork the orc
  4666 | D:6      | Found a runed translucent door.
  4878 | D:7      | Offered knowledge of Dazzling Flash by Vehumet.
  4899 | D:7      | Reached skill level 9 in Axes
  4913 | D:7      | Found Kudete's CLEARANCE SALE!.
  4986 | D:7      | Found a flagged portal.
  4999 | Bailey   | Entered a bailey
  5017 | Bailey   | Reached **** piety under Vehumet
  5059 | Bailey   | Reached XP level 10. HP: 60/94 MP: 14/14
  5159 | Bailey   | Offered knowledge of Airstrike by Vehumet.
  5293 | Bailey   | Noticed Prince Ribbit
  5293 | Bailey   | Noticed a vault guard
  5635 | D:7      | Reached skill level 10 in Axes
  5685 | D:7      | Noticed Maggie
  5749 | D:7      | Killed Maggie
  6031 | D:7      | Killed a vault guard
  6188 | D:7      | Noticed Pikel
  6236 | D:7      | Killed Pikel
  6864 | D:8      | Noticed Jeremiah
  6885 | D:8      | Killed Jeremiah
  7061 | D:8      | Reached skill level 11 in Axes
  7194 | D:8      | Reached XP level 11. HP: 92/104 MP: 16/16
  7256 | D:8      | Found Jiomnoic's Magic Scroll Emporium.
  7287 | D:8      | Noticed a two-headed ogre
  7297 | D:8      | Killed a two-headed ogre
  7305 | D:8      | Paralysed by a hornet for 2 turns
  8085 | D:9      | Found the +7 staff of the Meek {protect, meekguard}
  8696 | D:9      | Identified the +2 robe "Cexiam" {rElec Stlth+}
  8768 | D:9      | Noticed a two-headed ogre
  8778 | D:9      | Killed a two-headed ogre
  8977 | D:9      | Reached ***** piety under Vehumet
  8977 | D:9      | Offered knowledge of Plasma Beam by Vehumet.
  9163 | D:10     | Entered Level 10 of the Dungeon
  9308 | D:10     | Reached skill level 12 in Axes
  9784 | D:10     | Found a staircase to the Orcish Mines.
 10096 | D:11     | Noticed an eight-headed hydra
 10154 | Orc:1    | Entered Level 1 of the Orcish Mines
 10162 | D:10     | Reached skill level 10 in Invocations
 10732 | Orc:1    | Offered knowledge of Ozocubu's Refrigeration by Vehumet.
 10967 | Orc:2    | Entered Level 2 of the Orcish Mines
 11002 | Orc:1    | Reached XP level 12. HP: 105/116 MP: 18/18
 11063 | Orc:1    | Reached skill level 10 in Armour
 11547 | Orc:2    | Reached skill level 10 in Fighting
 11620 | Orc:2    | Noticed Saint Roka
 11774 | Orc:2    | Noticed a two-headed ogre
 11775 | Orc:2    | Noticed a two-headed ogre
 11783 | Orc:1    | Killed a two-headed ogre
 11862 | Orc:2    | Noticed a two-headed ogre
 11871 | Orc:1    | Killed a two-headed ogre
 11872 | Orc:1    | Reached skill level 13 in Axes
 11998 | Orc:2    | Noticed a two-headed ogre
 12022 | Orc:1    | Reached skill level 10 in Shields
 12022 | Orc:1    | Slain by a two-headed ogre

Illustrated notes

Levels and vault maps discovered:
D:1:      dpeg_arrival_ratfight, layout_basic
D:2:      layout_basic, basic_altar, basic_ecumenical_altar
D:3:      layout_rooms, hangedman_decor_growths
D:4:      layout_rooms, grunt_temple_overflow_open, uniq_menkaure, uniq_duvessa,
          uniq_ijyb
D:5:      cheibrodos_fertilizer, layout_cave_pools,
          minmay_temple_entry_drinking_statues
D:6:      layout_layer_cave, grunt_temple_overflow_forces_of_nature,
          ebering_ghost_sewer_f, chequers_serial_rivers_micro_c,
          uniq_blork_the_orc, uniq_grinder
D:7:      nicolae_cairo_tiling_large_dashed, layout_basic, enter_bailey_7,
          nicolae_shop_clearance, uniq_maggie, uniq_pikel
D:8:      layout_cave_pods, serial_park, serial_park_square3
          [serial_park_minivault_5x5_6], serial_park_square2,
          serial_park_tiny_1, serial_park_square1 [serial_park_minivault_5x5_3],
          serial_shops, nicolae_take_the_stairs, nicolae_the_louvre,
          uniq_jeremiah
D:9:      layout_layer_cave, minivault_11, serial_library_hellmonk_hallway_a
D:10:     layout_roguey, david_orc_4
D:11:     minmay_curly_fans, layout_rooms, erik_lair_dragon, serial_bayou_pond_c
Orc:1:    layout_caves, basic_altar, nicolae_orc_pool_cavern
Orc:2:    grunt_orc_cross, layout_caves, basic_altar

Skill      XL: |  1  2  3  4  5  6  7  8  9 10 11 12 |
---------------+-------------------------------------+-----
Axes           | 3 4 5 6 7 9 11 12 13 | 13.0
Fighting       | 4 5 6 7 8 9 10 | 10.2
Armour         | 4 5 6 7 8 9 10 | 10.3
Invocations    | 1 2 3 4 5 7 8 10 | 10.9
Shields        | 4 5 6 7 8 9 10 | 10.0

Action                     |  1- 3 |  4- 6 |  7- 9 | 10-12 || total
---------------------------+-------+-------+-------+-------++-------
  Melee: War axe           |    74 |       |       |   333 ||   407
         Headbutt          |     5 |    13 |    60 |   134 ||   212
         Hand axe          |    14 |    73 |   306 |   310 ||   703
  Throw: Dart              |       |    10 |       |    27 ||    37
         Throwing net      |       |       |       |     1 ||     1
  Evoke: Wand              |       |     5 |       |     8 ||    13
    Use: Scroll            |     1 |     4 |     3 |     9 ||    17
         Potion            |       |     3 |       |     1 ||     4
   Stab: Held in net/web   |       |       |       |     1 ||     1
 Armour: Scale mail        |    28 |       |       |    73 ||   101
         Chain mail        |    11 |    41 |   131 |    63 ||   246
         Plate armour      |       |       |       |   260 ||   260
  Dodge: Dodged            |    60 |    43 |   157 |   335 ||   595
  Block: Buckler           |    24 |    23 |    87 |   260 ||   394
